PA
ATHLETIC CLUB KC U-21 @ YELLOWKNIFE DRAGONBLOOD
07/04/2025
 
TOP OF THE 1ST
Athletic Club KC U-21 batting - Pitching for Yellowknife Dragonblood : RHP Cecil Szatkowski
Pitching: RHP Cecil Szatkowski
Batting: RHB Jesús Vargas 0-0: Called Strike
0-1: SINGLE (Groundball, 34D)
Batting: LHB Arturo Sosa 0-0: Ball
1-0: Ball
2-0: Called Strike
2-1: Ball
3-1: Base on Balls
Jesús Vargas to second
Batting: RHB Geoff Rivers 0-0: Ball
1-0: Called Strike
1-1: Foul Ball, location: 2F
1-2: Foul Ball, location: 2F
1-2: Ball
2-2: Foul Ball, location: 2F
2-2: Foul Ball, location: 2F
2-2: Ball
3-2: Foul Ball, location: 2F
3-2: 3-RUN HOME RUN (Flyball, 7LD), Distance : 346 ft
Batting: RHB Pedro Solís 0-0: Called Strike
0-1: Swinging Strike
0-2: Ball
1-2: Ball
2-2: Strikes out swinging
Batting: RHB Andrés Medina 0-0: Called Strike
0-1: TRIPLE (Line Drive, 7LS)
Batting: LHB Héctor Barrios 0-0: Ground out U3 (Groundball, 3)
Batting: RHB Devin Ferris 0-0: Ball
1-0: SINGLE (Line Drive, 9LS)
Andrés Medina scores
Batting: SHB Gerald Merendino 0-0: Foul Ball, location: 2F
0-1: Ball
1-1: DOUBLE (Flyball, 78D)
Devin Ferris to third
Batting: RHB Fernando Rodríguez 0-0: Ball
1-0: Swinging Strike
1-1: Ball
2-1: Called Strike
2-2: Ball
3-2: Foul Ball, location: 2F
3-2: Fly out, F9 (Flyball, 9LSF)
Top of the 1st over - 4 run(s), 5 hit(s), 0 error(s), 2 left on base; Athletic Club KC 4 - Yellowknife 0
BOTTOM OF THE 1ST
Yellowknife Dragonblood batting - Pitching for Athletic Club KC U-21 : RHP Stanley Yelnats
Pitching: RHP Stanley Yelnats
Batting: RHB Arturo Sánchez 0-0: Ball
1-0: Ball
2-0: Called Strike
2-1: Ball
3-1: SINGLE (Flyball, 78S)
Batting: RHB IV Seacat 0-0: Fly out, F9 (Flyball, 9)
Batting: LHB Colin Worthington 0-0: Ball
1-0: Ball
2-0: Ball
3-0: Called Strike
3-1: Base on Balls
Arturo Sánchez to second
Batting: LHB John O'Day 0-0: Ball
1-0: Called Strike
1-1: Ball
2-1: Ball
3-1: Swinging Strike
3-2: Base on Balls
Arturo Sánchez to third
Colin Worthington to second
Batting: RHB Anselmo Berneu 0-0: Foul Ball, location: 2F
0-1: Ball
1-1: Grounds into double play, 6-4-3 (Groundball, 6)
Bottom of the 1st over - 0 run(s), 1 hit(s), 0 error(s), 2 left on base; Athletic Club KC 4 - Yellowknife 0
TOP OF THE 2ND
Athletic Club KC U-21 batting - Pitching for Yellowknife Dragonblood : RHP Cecil Szatkowski
Batting: RHB Jesús Vargas 0-0: Called Strike
0-1: Swinging Strike
0-2: Strikes out swinging
Batting: LHB Arturo Sosa 0-0: Ball
1-0: SINGLE (Line Drive, 78S)
Batting: RHB Geoff Rivers 0-0: Ball
Arturo Sosa is caught stealing 2nd base
1-0: Called Strike
1-1: Foul Ball, location: 2F
1-2: Ball
2-2: Strikes out swinging
Top of the 2nd over - 0 run(s), 1 hit(s), 0 error(s), 0 left on base; Athletic Club KC 4 - Yellowknife 0
BOTTOM OF THE 2ND
Yellowknife Dragonblood batting - Pitching for Athletic Club KC U-21 : RHP Stanley Yelnats
Batting: SHB Daniel Godart 0-0: Called Strike
0-1: Ball
1-1: Ball
2-1: Ball
3-1: Base on Balls
Batting: RHB Jorge López 0-0: Called Strike
0-1: Ball
1-1: Ball
Wild Pitch!
Daniel Godart to second
2-1: Ball
3-1: Base on Balls
Batting: RHB Seth Rollins 0-0: Swinging Strike
0-1: Called Strike
0-2: Strikes out swinging
Batting: SHB Zachary Burriss 0-0: Ball
Daniel Godart is caught stealing 3rd base
Jorge López to second
1-0: Fly out, F9 (Flyball, 9)
Bottom of the 2nd over - 0 run(s), 0 hit(s), 0 error(s), 1 left on base; Athletic Club KC 4 - Yellowknife 0
TOP OF THE 3RD
Athletic Club KC U-21 batting - Pitching for Yellowknife Dragonblood : RHP Cecil Szatkowski
Batting: RHB Pedro Solís 0-0: Ball
1-0: Called Strike
1-1: Swinging Strike
1-2: Foul Ball, location: 2F
1-2: Strikes out looking
Batting: RHB Andrés Medina 0-0: Fly out, F9 (Line Drive, 9)
Batting: LHB Héctor Barrios 0-0: Ball
1-0: Ball
2-0: Fly out, F8 (Flyball, 8LM)
Top of the 3rd over - 0 run(s), 0 hit(s), 0 error(s), 0 left on base; Athletic Club KC 4 - Yellowknife 0
BOTTOM OF THE 3RD
Yellowknife Dragonblood batting - Pitching for Athletic Club KC U-21 : RHP Stanley Yelnats
Batting: RHB Arturo Sánchez 0-0: Swinging Strike
0-1: Called Strike
0-2: Ball
1-2: Strikes out swinging
Batting: RHB IV Seacat 0-0: Ball
1-0: Called Strike
1-1: Ball
2-1: Ball
3-1: Fly out, F7 (Line Drive, 7D)
Batting: LHB Colin Worthington 0-0: Ball
1-0: Foul Ball, location: 2F
1-1: Ball
2-1: Foul Ball, location: 2F
2-2: Foul Ball, location: 2F
2-2: Ball
3-2: Ground out 4-3 (Groundball, 4)
Bottom of the 3rd over - 0 run(s), 0 hit(s), 0 error(s), 0 left on base; Athletic Club KC 4 - Yellowknife 0
TOP OF THE 4TH
Athletic Club KC U-21 batting - Pitching for Yellowknife Dragonblood : RHP Cecil Szatkowski
Batting: RHB Devin Ferris 0-0: Ball
1-0: SINGLE (Line Drive, 6)
Batting: SHB Gerald Merendino 0-0: Called Strike
0-1: Ball
1-1: Fly out, F4 (Popup, 3)
Batting: RHB Fernando Rodríguez 0-0: Swinging Strike
0-1: Ball
1-1: Foul Ball, location: 2F
1-2: Ball
2-2: Ball
3-2: Foul Ball, location: 2F
3-2: Strikes out swinging
Batting: RHB Jesús Vargas 0-0: Ball
1-0: Ball
2-0: Ground out 3-1 (Groundball, 23)
Top of the 4th over - 0 run(s), 1 hit(s), 0 error(s), 1 left on base; Athletic Club KC 4 - Yellowknife 0
BOTTOM OF THE 4TH
Yellowknife Dragonblood batting - Pitching for Athletic Club KC U-21 : RHP Stanley Yelnats
Batting: LHB John O'Day 0-0: Called Strike
0-1: Called Strike
0-2: Ball
1-2: Ball
2-2: Foul Ball, location: 2F
2-2: SINGLE (Groundball, 34D)
Batting: RHB Anselmo Berneu 0-0: Ball
1-0: Ball
2-0: Called Strike
2-1: Foul Ball, location: 2F
2-2: Strikes out looking
Batting: SHB Daniel Godart 0-0: Ball
1-0: Ball
2-0: Foul Ball, location: 2F
2-1: Ground out U3 (Groundball, 3)
John O'Day to second
Batting: RHB Jorge López 0-0: Ball
1-0: Ball
2-0: Ball
3-0: Called Strike
3-1: Foul Ball, location: 2F
3-2: Base on Balls
Batting: RHB Seth Rollins 0-0: Called Strike
0-1: Foul Ball, location: 2F
0-2: Fly out, F9 (Flyball, 9)
Bottom of the 4th over - 0 run(s), 1 hit(s), 0 error(s), 2 left on base; Athletic Club KC 4 - Yellowknife 0
TOP OF THE 5TH
Athletic Club KC U-21 batting - Pitching for Yellowknife Dragonblood : RHP Cecil Szatkowski
Batting: LHB Arturo Sosa 0-0: Foul Ball, location: 2F
0-1: Swinging Strike
0-2: Foul Ball, location: 2F
0-2: Strikes out swinging
Batting: RHB Geoff Rivers 0-0: Ball
1-0: Ground out 5-3 (Groundball, 5L)
Batting: RHB Pedro Solís 0-0: Ball
1-0: Ball
2-0: Ball
3-0: Called Strike
3-1: Foul Ball, location: 2F
3-2: Foul Ball, location: 2F
3-2: Strikes out looking
Top of the 5th over - 0 run(s), 0 hit(s), 0 error(s), 0 left on base; Athletic Club KC 4 - Yellowknife 0
BOTTOM OF THE 5TH
Yellowknife Dragonblood batting - Pitching for Athletic Club KC U-21 : RHP Stanley Yelnats
Batting: SHB Zachary Burriss 0-0: Ground out 4-3 (Groundball, 4)
Batting: RHB Arturo Sánchez 0-0: Ball
1-0: Foul Ball, location: 2F
1-1: Ball
2-1: Ball
3-1: Base on Balls
Batting: RHB IV Seacat 0-0: Called Strike
0-1: Called Strike
0-2: Strikes out swinging
Pitching: RHP Claudio Valenzuela
Batting: LHB Colin Worthington 0-0: Ball
Arturo Sánchez steals 2nd base
1-0: Foul Ball, location: 2F
1-1: SINGLE (Groundball, 56D)
Arturo Sánchez to third
Runner from 3rd tries for Home, SAFE, no throw
Batting: LHB John O'Day 0-0: Foul Ball, location: 2F
0-1: Swinging Strike
0-2: Ball
1-2: Foul Ball, location: 2F
1-2: SINGLE (Line Drive, 8LS)
Colin Worthington to second
Batting: RHB Anselmo Berneu 0-0: Ball
1-0: Foul Ball, location: 2F
1-1: Swinging Strike
1-2: Foul Ball, location: 2F
1-2: Strikes out swinging
Bottom of the 5th over - 1 run(s), 2 hit(s), 0 error(s), 2 left on base; Athletic Club KC 4 - Yellowknife 1
TOP OF THE 6TH
Athletic Club KC U-21 batting - Pitching for Yellowknife Dragonblood : RHP Cecil Szatkowski
Pitching: LHP Corbin Jameson
Batting: RHB Andrés Medina 0-0: Ball
1-0: Ball
2-0: Ball
3-0: Base on Balls
Batting: LHB Héctor Barrios 0-0: Ball
1-0: Sac Bunt - play at first, batter OUT! 5-4
Andrés Medina to second
Batting: RHB Devin Ferris 0-0: Intentional Walk
Batting: SHB Gerald Merendino 0-0: Ball
1-0: Ball
2-0: Called Strike
2-1: Foul Ball, location: 2F
2-2: Strikes out looking
Batting: RHB Fernando Rodríguez 0-0: Called Strike
0-1: 3-RUN HOME RUN (Flyball, 7LD), Distance : 355 ft
Batting: RHB Jesús Vargas 0-0: Called Strike
0-1: Swinging Strike
0-2: Ball
1-2: Foul Ball, location: 2F
1-2: Strikes out swinging
Top of the 6th over - 3 run(s), 1 hit(s), 0 error(s), 0 left on base; Athletic Club KC 7 - Yellowknife 1
BOTTOM OF THE 6TH
Yellowknife Dragonblood batting - Pitching for Athletic Club KC U-21 : RHP Claudio Valenzuela
Batting: SHB Daniel Godart 0-0: Ball
1-0: Foul Ball, location: 2F
1-1: Foul Ball, location: 2F
1-2: Foul Ball, location: 2F
1-2: Ball
2-2: Fly out, F6 (Line Drive, 6)
Batting: RHB Jorge López 0-0: Ground out 6-3 (Groundball, 6)
Batting: RHB Seth Rollins 0-0: SINGLE (Line Drive, 6MD)
Batting: SHB Zachary Burriss 0-0: Called Strike
0-1: Swinging Strike
0-2: Foul Ball, location: 2F
0-2: Strikes out swinging
Bottom of the 6th over - 0 run(s), 1 hit(s), 0 error(s), 1 left on base; Athletic Club KC 7 - Yellowknife 1
TOP OF THE 7TH
Athletic Club KC U-21 batting - Pitching for Yellowknife Dragonblood : LHP Corbin Jameson
Batting: LHB Arturo Sosa 0-0: Called Strike
0-1: Ball
1-1: Foul Ball, location: 2F
1-2: Foul Ball, location: 2F
1-2: Ball
2-2: Ball
3-2: Foul Ball, location: 2F
3-2: Foul Ball, location: 2F
3-2: Foul Ball, location: 2F
3-2: Base on Balls
Batting: RHB Geoff Rivers 0-0: Ball
Arturo Sosa steals 2nd base
1-0: Ball
2-0: Ball
3-0: Base on Balls
Batting: RHB Pedro Solís 0-0: Ball
1-0: Ball
2-0: SINGLE (Groundball, 6) (infield hit)
Arturo Sosa to third
Geoff Rivers to second
Batting: RHB Andrés Medina 0-0: Fly out, F8 (Flyball, 8LD)
Runner from 3rd tags up, SCORES, no throw
Geoff Rivers to third
Pitching: LHP Emílio Peralta
Batting: LHB Héctor Barrios 0-0: Ball
1-0: Called Strike
1-1: Fly out, F7 (Flyball, 7LM)
Runner from 3rd tags up, SCORES, throw made
Batting: RHB Devin Ferris 0-0: Called Strike
0-1: Foul Ball, location: 2F
0-2: Foul Ball, location: 2F
0-2: Foul Ball, location: 2F
0-2: Ball
1-2: Fly out, F9 (Line Drive, 9S)
Top of the 7th over - 2 run(s), 1 hit(s), 0 error(s), 1 left on base; Athletic Club KC 9 - Yellowknife 1
BOTTOM OF THE 7TH
Yellowknife Dragonblood batting - Pitching for Athletic Club KC U-21 : RHP Claudio Valenzuela
Batting: RHB Arturo Sánchez 0-0: Swinging Strike
0-1: Foul Ball, location: 2F
0-2: Ball
1-2: Ground out 6-3 (Groundball, 6S)
Batting: RHB IV Seacat 0-0: SINGLE (Line Drive, 4MD)
Batting: LHB Colin Worthington 0-0: Called Strike
0-1: Called Strike
0-2: Strikes out swinging
Batting: LHB John O'Day 0-0: Ball
1-0: Ball
2-0: Ball
3-0: Called Strike
3-1: Foul Ball, location: 2F
3-2: SINGLE (Flyball, 7S)
IV Seacat to second
IV Seacat to third
Batting: RHB Anselmo Berneu 0-0: Called Strike
0-1: Foul Ball, location: 2F
0-2: Fly out, F8 (Flyball, 8LM)
Bottom of the 7th over - 0 run(s), 2 hit(s), 0 error(s), 2 left on base; Athletic Club KC 9 - Yellowknife 1
TOP OF THE 8TH
Athletic Club KC U-21 batting - Pitching for Yellowknife Dragonblood : LHP Emílio Peralta
Batting: SHB Gerald Merendino 0-0: Ball
1-0: Called Strike
1-1: Ball
2-1: Swinging Strike
2-2: Ball
3-2: Strikes out swinging
Batting: RHB Fernando Rodríguez 0-0: Ball
1-0: Called Strike
1-1: Swinging Strike
1-2: SINGLE (Groundball, 56D)
Batting: RHB Jesús Vargas 0-0: Ball
1-0: Ball
2-0: Ball
3-0: Called Strike
3-1: Foul Ball, location: 2F
3-2: Foul Ball, location: 2F
3-2: SINGLE (Groundball, 34D)
Fernando Rodríguez to second
Runner from 2nd tries for 3rd, OUT!
Jesús Vargas to second
Batting: LHB Arturo Sosa 0-0: Ball
1-0: Ball
2-0: Called Strike
2-1: Foul Ball, location: 2F
2-2: Ball
3-2: Strikes out swinging
Top of the 8th over - 0 run(s), 2 hit(s), 0 error(s), 1 left on base; Athletic Club KC 9 - Yellowknife 1
BOTTOM OF THE 8TH
Yellowknife Dragonblood batting - Pitching for Athletic Club KC U-21 : RHP Claudio Valenzuela
Now at 1B: Wilfred Fuller
Batting: SHB Daniel Godart 0-0: Ball
1-0: Ball
2-0: Foul Ball, location: 2F
2-1: Ball
3-1: Foul Ball, location: 2F
3-2: Foul Ball, location: 2F
3-2: Foul Ball, location: 2F
3-2: DOUBLE (Line Drive, 89M)
Batting: RHB Jorge López 0-0: Ball
1-0: Foul Ball, location: 2F
1-1: SINGLE (Line Drive, 3)
Daniel Godart to third
Batting: RHB Seth Rollins 0-0: Called Strike
0-1: SINGLE (Flyball, 9LS)
Daniel Godart scores
Jorge López to second
Runner from 2nd tries for 3rd, OUT!
Batting: SHB Zachary Burriss 0-0: Ball
1-0: Ball
2-0: Called Strike
2-1: Ball
3-1: Swinging Strike
3-2: Foul Ball, location: 2F
3-2: SINGLE (Groundball, 6MD)
Seth Rollins to second
Batting: RHB Arturo Sánchez 0-0: Called Strike
0-1: Ball
1-1: SINGLE (Line Drive, 9LS)
Seth Rollins to third
Zachary Burriss to second
Batting: RHB IV Seacat 0-0: Called Strike
0-1: Ball
1-1: Ball
2-1: Swinging Strike
2-2: Ball
3-2: Foul Ball, location: 2F
3-2: Foul Ball, location: 2F
3-2: Base on Balls
Seth Rollins scores
Zachary Burriss to third
Arturo Sánchez to second
Batting: LHB Colin Worthington 0-0: Ball
1-0: Foul Ball, location: 2F
1-1: Foul Ball, location: 2F
1-2: Ball
2-2: Foul Ball, location: 2F
2-2: Ball
3-2: Grounds into double play, 5-4-3 (Groundball, 56)
Bottom of the 8th over - 2 run(s), 5 hit(s), 0 error(s), 2 left on base; Athletic Club KC 9 - Yellowknife 3
TOP OF THE 9TH
Athletic Club KC U-21 batting - Pitching for Yellowknife Dragonblood : LHP Emílio Peralta
Batting: RHB Geoff Rivers 0-0: Ball
1-0: Swinging Strike
1-1: Called Strike
1-2: Foul Ball, location: 2F
1-2: Ball
2-2: Foul Ball, location: 2F
2-2: Foul Ball, location: 2F
2-2: SOLO HOME RUN (Flyball, 7LD), Distance : 345 ft
Batting: RHB Pedro Solís 0-0: Ball
1-0: Foul Ball, location: 2F
1-1: Foul Ball, location: 2F
1-2: Strikes out looking
Batting: RHB Andrés Medina 0-0: Ball
1-0: Ball
2-0: Ball
3-0: Called Strike
3-1: Base on Balls
Batting: LHB Héctor Barrios 0-0: Ball
1-0: Ball
2-0: Ball
3-0: Base on Balls
Andrés Medina to second
Pitching: LHP Domingo González
Batting: RHB Devin Ferris 0-0: Ball
1-0: Ball
2-0: Ball
3-0: Base on Balls
Andrés Medina to third
Héctor Barrios to second
Batting: RHB Wilfred Fuller 0-0: Ball
1-0: Swinging Strike
1-1: SINGLE (Flyball, 78S)
Andrés Medina scores
Héctor Barrios to third
Devin Ferris to second
Batting: RHB Fernando Rodríguez 0-0: Ball
1-0: Grounds into double play, 5-4-3 (Groundball, 5)
Top of the 9th over - 2 run(s), 2 hit(s), 0 error(s), 2 left on base; Athletic Club KC 11 - Yellowknife 3
BOTTOM OF THE 9TH
Yellowknife Dragonblood batting - Pitching for Athletic Club KC U-21 : RHP Claudio Valenzuela
Batting: LHB John O'Day 0-0: Ball
1-0: Fly out, F7 (Flyball, 78S)
Batting: RHB Anselmo Berneu 0-0: Called Strike
0-1: Called Strike
0-2: Ball
1-2: Ball
2-2: Fly out, F3 (Popup, 3L)
Batting: SHB Daniel Godart 0-0: Fly out, F6 (Popup, 6MD)
Bottom of the 9th over - 0 run(s), 0 hit(s), 0 error(s), 0 left on base; Athletic Club KC 11 - Yellowknife 3
Friday, December 30th, 2016 - OOTP Baseball 17.12 Build 75